 Dungeon Crawl Stone Soup version 0.32-a0-931-g5a2cda0630 (webtiles) character file.

Game seed: 2454529508337485930

84 Biggs the Sneak (level 4, 0/23 HPs)
             Began as a Vine Stalker Brigand on Apr 14, 2024.
             Slain by an ogre
             ... wielding a +0 giant club
              (23 damage)
             ... on level 4 of the Dungeon.
             The game lasted 00:01:46 (353 turns).

Biggs the Sneak (Vine Stalker Brigand)               Turns: 353, Time: 00:01:47

Health: 0/23       AC:  4    Str: 13    XL:     4   Next: 46%
Magic:  0/5        EV: 10    Int: 11    God:
Gold:   25         SH:  0    Dex: 18    Spells: 3/3 levels left

rFire   . . .        a - +2 dagger
rCold   . . .        (no shield)
rNeg    . . .        l - +0 leather armour
rPois   .            (no helmet)
rElec   .            c - +0 cloak
rCorr   +            (no gloves)
SInv    .            (no boots)
Will    .....        (no amulet)
Stlth   +++          g - ring of resist corrosion
HPRegen 1.03/turn    (no ring)
MPRegen 0.09/turn

%: guardian spirit
@: no status effects
A: fangs 2, regeneration 1, magic shield, antimagic bite, no potion heal 2
a: no special abilities


You were on level 4 of the Dungeon.
You visited 1 branch of the dungeon, and saw 3 of its levels.

You collected 25 gold pieces.

Inventory:

Hand Weapons
 a - a +2 dagger (weapon)
Missiles
 d - 9 poisoned darts (quivered)
 e - 3 curare-tipped darts
Armour
 b - a +0 robe
 c - a +0 cloak (worn)
 l - a +0 leather armour (worn)
Jewellery
 g - a ring of resist corrosion (left hand)
Scrolls
 f - 2 scrolls of fear {unknown}
 h - a scroll of poison {unknown}
 j - a scroll of identify {unknown}
 m - a scroll of noise {unknown}
Potions
 i - 4 potions of curing {unknown}
 k - a potion of heal wounds {unknown}
 n - a potion of degeneration {unknown}
 o - a potion of attraction {unknown}


   Skills:
 - Level 1.7 Fighting
 + Level 4.1 Short Blades
 - Level 1.7 Throwing
 - Level 0.7 Dodging
 - Level 4.8 Stealth


You had 3 spell levels left.
You didn't know any spells.
Your spell library was empty.

Dungeon Overview and Level Annotations

Branches:
Dungeon (2/15)

Altars:


Innate Abilities, Weirdness & Mutations

You have extremely sharp teeth.
Your natural rate of healing is unusually fast.
When hurt, damage is shared between your health and your magic reserves.
Your bite disrupts and absorbs the magic of your enemies.
Potions cannot restore your health.


Message History

The helpless goblin fails to defend itself.
You impale the goblin!!
You kill the goblin!
Your Short Blades skill increases to level 3!
You see here a +0 dagger.
You open the door.
A malevolent force fills the Dungeon...
You fall into a shaft and drop 2 floors!
The shaft crumbles and collapses.
Found 2 smoky golden potions and a maw talisman.
i - 4 smoky golden potions (gained 2)
Found a black potion.
Blork the orc comes into view.
He is wielding a +0 halberd.
You see here a black potion.
The helpless Blork the orc fails to defend himself.
You impale Blork the orc!!
You kill Blork the orc!
Your Short Blades skill increases to level 4!
You have reached level 3!
Your experience leads to an increase in your attributes!
Increase (S)trength, (I)ntelligence, or (D)exterity?
You feel agile. x2
You have reached level 4!
You feel agile.
Unknown command.
o - a black potion
Things that are here:
a +0 halberd; a +0 robe; the orc corpse of Blork the orc
Found a stone staircase leading down.
Found a scroll labelled ODE DOSTROTH.
An ogre comes into view. It is wielding a +0 giant club.
Found a notched marble ring.
The ogre shouts!
You aren't carrying any items that you can evoke.
You barely miss the ogre. You bite the ogre. You drain its power.
The ogre is lightly wounded.
You barely miss the ogre. You bite the ogre, but do no damage.
The ogre is lightly wounded.
The ogre hits you with a +0 giant club!!
Ouch! That really hurt!
You die...

#########
+......>##########
#........#..#
#.@#####.#..#
#.O#####.#..#
#......#.#..#
#.####.#....# #
#.# #.#.##
...##.#.# ###.#
..=...?.# #)#
...##.### #.# #.
###.#


You could see an ogre.

Vanquished Creatures
  Blork the orc (D:4)
  3 endoplasms
  A giant cockroach (D:1)
  7 goblins
  2 kobolds (D:1)
  A quokka (D:1)
  2 bats
  3 rats
20 creatures vanquished.

Notes
Turn   | Place    | Note
-------+----------+-------------------------------------------
     0 | D:1      | Biggs the Vine Stalker Brigand began the quest for the Orb.
     0 | D:1      | Reached XP level 1. HP: 11/11 MP: 2/2
    74 | D:1      | Reached XP level 2. HP: 13/15 MP: 1/3
   299 | D:2      | You fall into a shaft and drop 2 floors!
   319 | D:4      | Noticed Blork the orc
   322 | D:4      | Killed Blork the orc
   323 | D:4      | Reached XP level 3. HP: 18/18 MP: 4/4
   323 | D:4      | Reached XP level 4. HP: 23/23 MP: 5/5
   344 | D:4      | Noticed an ogre
   353 | D:4      | Slain by an ogre

Illustrated notes

Levels and vault maps discovered:
D:1:      dpeg_arrival_rooms_a, layout_rooms
D:2:      layout_basic, uniq_crazy_yiuf_cottage
D:4:      layout_basic, minmay_manual_maat, uniq_blork_the_orc

Skill      XL: |  1  2 |
---------------+-------+-----
Short Blades   | 2 4 |  4.1
Fighting       | |  1.7
Throwing       | |  1.7
Dodging        | |  0.7
Stealth        | |  4.8

Action                     |  1- 3 |  4- 6 || total
---------------------------+-------+-------++-------
  Melee: Dagger            |    36 |     2 ||    38
         Bite              |     7 |     2 ||     9
   Stab: Sleeping          |     3 |       ||     3
 Armour: Robe              |    19 |       ||    19
         Leather armour    |     4 |     1 ||     5
  Dodge: Dodged            |    16 |       ||    16

Table legend: (Time is in decaauts)
 A = Elapsed time spent in this place.
 B = Non-inter-level travel time spent in this place.
 C = Inter-level travel time spent in this place.
 D = Time resting spent in this place.
 E = Time spent auto-exploring this place.
 F = Levels seen in this place.
 G = Mean time per level.
                   A        B        C        D        E       F      G
               +--------+--------+--------+--------+--------+-----+--------+
         Total |    346 |    346 |      0 |      0 |      0 |   3 |  115.3 |
       Dungeon |    346 |    346 |      0 |      0 |      0 |   3 |  115.3 |
               +--------+--------+--------+--------+--------+-----+--------+

Top non-repeatable levels by time:
     D:1: 208 daAuts
     D:2: 84 daAuts
     D:4: 53 daAuts
